 Dungeon Crawl Stone Soup version 0.28-a0-1435-g82390b3a13 (webtiles) character file.

Game seed: 7601642711523240971

0 Hasart the Grasshopper (level 1, 0/17 HPs)
             Began as a Demigod Warper on Jan 9, 2022.
             Slain by a jackal (1 damage)
             ... on level 1 of the Dungeon.
             The game lasted 00:00:52 (100 turns).

Hasart the Grasshopper (Demigod Warper)              Turns: 100, Time: 00:00:52

Health: 0/17       AC:  3    Str: 12    XL:     1   Next: 6%
Magic:  5/5        EV: 11    Int: 15    God:
Gold:   0          SH:  0    Dex: 13    Spells: 3/3 levels left

rFire   . . .      SeeInvis .   a - +0 falchion
rCold   . . .      Faith    .   (no shield)
rNeg    . . .      Spirit   .   b - +0 leather armour
rPois   .          Reflect  .   (no helmet)
rElec   .          Harm     .   (no cloak)
rCorr   .          Rampage  .   (no gloves)
Will    .....                   (no boots)
Stlth   +.........              (no amulet)
HPRegen 0.05/turn               (no ring)
MPRegen 0.09/turn               (no ring)

@: no status effects
A: high mp 1, forlorn, divine attributes
a: no special abilities


You were on level 1 of the Dungeon.
You visited 1 branch of the dungeon, and saw 1 of its levels.

Inventory:

Hand Weapons
 a - a +0 falchion (weapon)
Missiles
 d - 5 boomerangs of dispersal (quivered)
Armour
 b - a +0 leather armour (worn)
Jewellery
 f - a ring of see invisible
Scrolls
 c - a scroll of blinking
 e - a scroll of fog {unknown}


   Skills:
 + Level 1.7 Fighting
 * Level 1.8 Long Blades
 - Level 0.8 Throwing
 - Level 0.8 Armour
 - Level 1.7 Dodging
 - Level 1.7 Spellcasting
 - Level 2.6 Translocations


You had 3 spell levels left.
You didn't know any spells.
Your spell library contained the following spells:

 Spells                   Type           Power      Damage    Failure   Level
 Blink                    Tloc           18%        N/A       14%         2
 Gell's Gravitas          Tloc           9%         N/A       28%         3
 Lesser Beckoning         Tloc           9%         N/A       28%         3
 Teleport Other           Tloc           9%         N/A       28%         3
 Manifold Assault         Tloc           9%         N/A       95%         5


Dungeon Overview and Level Annotations

Branches:
Dungeon (1/15)


Innate Abilities, Weirdness & Mutations

You have an increased reservoir of magic. (+10% MP)
You shall have no god before yourself.
Your divine heritage dramatically boosts your attributes as you level up.


Message History

The jackal bites you but does no damage.
The bat barely misses you.
The jackal bites you but does no damage.
The bat closely misses you. The jackal bites you.
You slash the frilled lizard!
You kill the frilled lizard!
The bat closely misses you. The bat barely misses you.
The rat barely misses you.
The jackal bites you but does no damage.
The jackal bites you but does no damage.
The bat barely misses you.
The jackal bites you but does no damage.
The jackal enters a dispersal trap!
The jackal blinks!
The rat blinks!
The jackal blinks!
The bat blinks!
The jackal blinks! x2; You blink.
The jackal blinks!
The bat barely misses you.
The jackal enters a dispersal trap!
The rat blinks!
The bat blinks! x2
You blink.
A goblin comes into view. It is wielding a +0 dagger.
The jackal blinks!
The goblin shouts!
The bat barely misses you. The bat hits you but does no damage.
You closely miss the bat. The bat closely misses you.
The bat hits you but does no damage.
You closely miss the bat. The bat hits you but does no damage.
The bat hits you. The bat misses you. The jackal bites you.
* * * LOW HITPOINT WARNING * * *
You closely miss the bat. The bat hits you but does no damage.
The bat hits you.
* * * LOW HITPOINT WARNING * * *
The jackal bites you.
* * * LOW HITPOINT WARNING * * *
The jackal bites you.
* * * LOW HITPOINT WARNING * * *
The bat barely misses you.
You miss the bat. The bat barely misses you.
The jackal bites you but does no damage.
You closely miss the bat. The bat hits you but does no damage.
The jackal bites you.
You die...

###......# .......#
###........##.......#
....#.h...>†........#
#....?h..^###...gr#
#######....h...#.
#....##g##.... #.....##h##
. #......##h## ###
.######.#.....##@# ..###
........##.....##.# ....
.####....##.....##b# ##..
#..###.##.....##.. ..#
#..# ##.##.....#########.#
...#
####.##..>...........####
..##
##..##.##...<............#
.#
#..##.##..8...........####
##.##.##.....#########.#


You could see 3 jackals, a goblin and a bat.

Vanquished Creatures
  A frilled lizard (D:1)
1 creature vanquished.

Notes
Turn   | Place    | Note
-------+----------+-------------------------------------------
     0 | D:1      | Hasart the Demigod Warper began the quest for the Orb.
     0 | D:1      | Reached XP level 1. HP: 17/17 MP: 5/5
   100 | D:1      | Slain by a jackal

Illustrated notes

Levels and vault maps discovered:
D:1:      psy_arrival_spokes, layout_rooms, roderic_serpentine_path

Action                   || total
-------------------------++-------
Melee: Falchion          ||     8
Armor: Leather armour    ||    18
Dodge: Dodged            ||    20

Table legend: (Time is in decaauts)
 A = Elapsed time spent in this place.
 B = Non-inter-level travel time spent in this place.
 C = Inter-level travel time spent in this place.
 D = Time resting spent in this place.
 E = Time spent auto-exploring this place.
 F = Levels seen in this place.
 G = Mean time per level.
                   A        B        C        D        E       F      G
               +--------+--------+--------+--------+--------+-----+--------+
         Total |    101 |    101 |      0 |      0 |     76 |   1 |  101.0 |
       Dungeon |    101 |    101 |      0 |      0 |     76 |   1 |  101.0 |
               +--------+--------+--------+--------+--------+-----+--------+

Top non-repeatable levels by time:
     D:1: 101 daAuts
